 Dungeon Crawl Stone Soup version 0.17.1-3-g152610e (webtiles) character file.

31 jacquesderrida the Caller (level 3, -2/24 HPs)
             Began as a Demonspawn Summoner on Apr 26, 2016.
             Slain by a river rat (5 damage)
             ... in a sewer.
             The game lasted 00:04:07 (642 turns).

jacquesderrida the Caller (Demonspawn Summoner)      Turns: 642, Time: 00:04:07

Health: -2/24      AC:  2    Str:  8    XL:     3   Next: 7%
Magic:  1/6        EV: 12    Int: 17    God:
Gold:   68         SH:  0    Dex: 13    Spells: 2 memorised, 3 levels left

rFire  . . .     SeeInvis .       - Unarmed
rCold  . . .     Clarity  .     a - +0 robe
rNeg   + . .     SustAt   .     (no shield)
rPois  .         Gourm    .     (no helmet)
rElec  .         Spirit   .     (no cloak)
rCorr  .         Warding  .     (no gloves)
rMut   .         Stasis   .     (no boots)
MR     .....                    (no amulet)
Stlth  +.........               (no ring)
                                h - ring of positive energy

@: not resistant to hostile enchantments, very unstealthy
A: claws 1
a: no special abilities


You were in a sewer.
You were not hungry.

You visited 1 branch of the dungeon, and saw 3 of its levels.
You also visited: Sewer.

You collected 68 gold pieces.

Inventory:

Hand Weapons
 d - a +1 short sword
Armour
 a - a +0 robe (worn)
Jewellery
 h - a ring of positive energy (left claw)
 k - an uncursed ring of fire
Scrolls
 l - a scroll of remove curse {unknown}
Books
 b - a book of Callings

   Spells                             Type                      Level
   a - Summon Small Mammal            Summoning                    1
   b - Call Imp                       Summoning                    2
   c - Call Canine Familiar           Summoning                    3
   d - Summon Guardian Golem          Hexes/Summoning              3
   e - Summon Lightning Spire         Summoning/Air                4
   f - Summon Ice Beast               Ice/Summoning                4
Comestibles
 c - 2 bread rations
 f - a chunk of flesh


   Skills:
 - Level 1.7 Dodging
 - Level 1.7 Stealth
 + Level 1.1 Unarmed Combat
 - Level 2.0 Spellcasting
 + Level 4.7 Summonings


You had 3 spell levels left.
You knew the following spells:

 Your Spells              Type           Power        Failure   Level  Hunger
a - Summon Small Mammal   Summ           ###.         2%          1    #......
b - Call Imp              Summ           ###.....     4%          2    ###....


Dungeon Overview and Level Annotations

Branches:
Dungeon (3/15)

Altars:


Innate Abilities, Weirdness & Mutations

You have sharp fingernails.


Message History

Your crimson imp hits the river rat but does no damage.
The river rat bites your shadow imp.
Unknown command.
Unknown command.
Read which item? (? for menu, Esc to quit)
As you read the scroll labeled INIBUR WYCRO, it crumbles to dust.
It is a scroll of recharging.
You aren't carrying any rechargeable items.
Your shadow imp hits the river rat.
The river rat bites you.
* * * LOW HITPOINT WARNING * * *
Your crimson imp hits the river rat but does no damage.
The river rat bites your shadow imp.
Unknown command.
Unknown command.
Read which item? (? for menu, Esc to quit)
As you read the scroll labeled VIWIESAGADD, it crumbles to dust.
You hear a loud clanging noise!
It was a scroll of noise.
Your shadow imp hits the river rat.
The river rat bites you.
You die...

#≈≈≈≈≈≈# #≈≈≈
#≈†≈≈≈≈# #≈≈≈
#r≈≈≈≈≈# #≈≈≈
#≈r≈≈≈≈# #≈≈†
#≈≈≈≈≈≈# #≈≈≈
#≈≈≈≈≈≈# #≈≈≈
#≈≈≈≈≈≈# #≈≈≈
#≈≈≈≈≈≈# #≈≈≈
#@55≈.≈# #≈..
#.rr...## ##...
##......######....
#........##......
##...............
##..............
###..........##
####....####
######


You could see 2 river rats, 2 rats, a friendly crimson imp and a friendly shadow
imp.

Vanquished Creatures
  A river rat (Sewer)
  2 giant geckos (D:3)
  2 giant cockroaches (D:3)
  A ball python (Sewer)
  A giant newt (Sewer)
  2 rats (Sewer)
9 creatures vanquished.

Vanquished Creatures (collateral kills)
  A river rat (Sewer)
  A bat (D:2)
  A goblin (D:1)
  4 hobgoblins
  A giant cockroach (D:3)
  A giant gecko (D:3)
  2 kobolds
  5 rats
16 creatures vanquished.

Grand Total: 25 creatures vanquished

Notes
Turn   | Place    | Note
--------------------------------------------------------------
     0 | D:1      | jacquesderrida the Demonspawn Summoner began the quest for the Orb.
     0 | D:1      | Reached XP level 1. HP: 13/13 MP: 3/3
   385 | D:3      | Found a glowing drain.
   403 | D:3      | Gained mutation: You have sharp fingernails. [demonic ancestry]
   403 | D:3      | Reached XP level 2. HP: 19/19 MP: 0/5
   493 | D:3      | Learned a level 2 spell: Call Imp
   514 | Sewer    | Entered a sewer
   580 | Sewer    | Reached skill level 1 in Unarmed Combat
   634 | Sewer    | Reached XP level 3. HP: 24/24 MP: 2/6
   642 | Sewer    | Slain by a river rat

Action                   || total
-------------------------++-------
Melee: Short sword       ||     3
       Unarmed           ||    30
 Cast: Summon Small Mamm ||    28
       Call Imp          ||     9
  Use: Scroll            ||     5
